 Dungeon Crawl Stone Soup version 0.18.1-50-g88ac8fd (webtiles) character file.

1001 grisgris the Skirmisher (level 8, -4/84 HPs)
             Began as a Troll Monk on Oct 26, 2016.
             Was a Priest of Qazlal.
             Slain by a wight
             ... wielding a +0 halberd
              (6 damage)
             ... on level 6 of the Dungeon.
             The game lasted 00:12:47 (4164 turns).

grisgris the Skirmisher (Troll Monk)                Turns: 4164, Time: 00:12:48

Health: -4/84      AC: 10    Str: 22    XL:     8   Next: 0%
Magic:  6/8        EV: 10    Int:  6    God:    Qazlal [***...]
Gold:   316        SH:  3    Dex: 12    Spells: 0 memorised, 7 levels left

rFire  . . .     SeeInvis .       - Unarmed
rCold  . . .     Gourm    +     a - +1 robe
rNeg   . . .     Faith    .     (no shield)
rPois  .         Spirit   .     (helmet restricted)
rElec  .         Dismiss  .     w - +1 cloak
rCorr  .         Reflect  .     (gloves unavailable)
SustAt .         Harm     .     (boots unavailable)
MR     .....                    (no amulet)
Stlth  +.........               d - +2 ring of protection
                                c - +1 ring of evasion

@: very slightly contaminated, hasted, heavily drained, very quick, not
resistant to hostile enchantments, very unstealthy
A: unfitting armour, claws 3, fast metabolism 3, gourmand, regeneration 2,
shaggy fur 1, tough skin 2
a: Upheaval, Elemental Force, Renounce Religion


You were on level 6 of the Dungeon.
You worshipped Qazlal.
Qazlal was most pleased with you.
You were not hungry.

You visited 2 branches of the dungeon, and saw 8 of its levels.

You collected 316 gold pieces.

Inventory:

Armour
 a - a +1 robe (worn)
 w - a +1 cloak (worn)
Jewellery
 c - a +1 ring of evasion (left claw)
 d - a +2 ring of protection (right claw)
 f - an uncursed ring of see invisible
 p - an uncursed ring of wizardry
 v - an uncursed ring of fire
Wands
 g - a wand of slowing (29/48)
Scrolls
 e - a scroll of blinking
 i - a scroll of identify
 l - a scroll of magic mapping
 n - a scroll of fog
Potions
 j - a potion of flight
 k - a potion of haste
 m - a potion of invisibility
 o - 2 potions of magic {unknown}
 q - a potion of berserk rage {unknown}
 u - 3 potions of ambrosia {unknown}
Comestibles
 b - 8 bread rations
 h - a slice of pizza
 r - a beef jerky


   Skills:
 * Level 6.5(4.5) Fighting
 + Level 2.9(1.1) Dodging
 - Level 1.1(0.0) Stealth
 + Level 6.4(4.4) Unarmed Combat
 + Level 1.4(0.0) Invocations


You had 7 spell levels left.
You didn't know any spells.

Dungeon Overview and Level Annotations

Branches:
Dungeon (7/15)             Temple (1/1) D:4

Altars:
Ashenzari
Kikubaaqudgha
Pakellas
Qazlal
Sif Muna
The Shining One


Innate Abilities, Weirdness & Mutations

You are too large for most types of armour.
You have claws for hands.
Your metabolism is lightning-fast.
You like to eat raw meat.
You heal very quickly.
You are covered in fur (AC +1).
You have very tough skin (AC +2).


Message History

You feel drained. The wight barely misses you.
You claw the wight!
The wight is almost destroyed.
The wight hits you from afar with a halberd!
You feel drained.
* * * LOW HITPOINT WARNING * * *
You block the wight's attack.
You scratch the wight.
You destroy the wight!
Qazlal accepts your kill.
You can now give life to nearby clouds.
You have reached level 8!
Drink which item? (? for menu, Esc to quit)
You feel yourself speed up.
The wight hits you from afar with a halberd!
* * * LOW HITPOINT WARNING * * *
You feel drained.
* * * LOW HITPOINT WARNING * * *
You are very lightly contaminated with residual magic.
The wight hits you with a halberd.
You die...

,,,,,,,,,,,,***,,,***,***,,,,,...
,,,,,,,,,,,,,,,,,,,,,...,,,*,,...
,,,,,,,,,,,,***,****#..#*,,,,*...
,,,,,,,,,,,,**,,,,,....,,,****#..
,,,,,,,,,,,,,,,####..#,**** #..
,,,,,,,,..,,,,,..#..#*,,####* #..
,,,,,,....#.##*#...#***,,...###<.
******#......# #.z.#*######..#..#
#......# #@#,,,.....##.#.#.
#......###.##*****#......[.
#...........# *#.>....#.
#...........######.........
#..........................
#<...........####..........
#######.....## #..........
#.....# #.......... #.....#
#..........


You could see a wight.

Vanquished Creatures
  An ice beast (D:5)
  A sky beast (D:7)
  An ogre (D:7)
  A centaur (D:5)
  A big kobold (D:5)
  A scorpion (D:4)
  2 wights (D:6)
  A howler monkey (D:5)
  A crimson imp (D:5)
  A hound (D:5)
  An orc wizard (D:4)
  Jessica (D:2)
  An iguana (D:5)
  3 worker ants
  A killer bee zombie (D:5)
  A hound skeleton (D:6)
  5 adders
  A shadow imp (D:6)
  2 adder zombies (D:5)
  An adder skeleton (D:5)
  2 worms
  A dart slug (D:2)
  2 giant geckos
  9 orcs
  5 bats
  7 giant cockroaches
  11 hobgoblins
  12 jackals
  4 quokkas
  A ball python (D:2)
  8 giant newts
  8 goblins
  16 kobolds
  8 rats
122 creatures vanquished.

Notes
Turn   | Place    | Note
--------------------------------------------------------------
     0 | D:1      | grisgris the Troll Monk began the quest for the Orb.
     0 | D:1      | Reached XP level 1. HP: 22/22 MP: 0/0
   215 | D:1      | Reached XP level 2. HP: 29/29 MP: 1/1
   994 | D:1      | Reached XP level 3. HP: 37/37 MP: 2/2
  1042 | D:2      | Noticed Jessica
  1043 | D:2      | Killed Jessica
  1116 | D:2      | Reached XP level 4. HP: 45/45 MP: 3/3
  2250 | D:3      | Found an ancient bone altar of Kikubaaqudgha.
  2284 | D:3      | Reached XP level 5. HP: 49/54 MP: 4/4
  2528 | D:4      | Reached skill level 5 in Unarmed Combat
  2589 | D:4      | Found a staircase to the Ecumenical Temple.
  2600 | Temple   | Entered the Ecumenical Temple
  2623 | Temple   | Became a worshipper of Qazlal Stormbringer
  2623 | Temple   | Reached * piety under Qazlal
  2623 | Temple   | Reached ** piety under Qazlal
  2708 | D:4      | Found a shattered altar of Ashenzari.
  2979 | D:5      | Entered Level 5 of the Dungeon
  2987 | D:5      | Noticed a centaur
  3004 | D:5      | Killed a centaur
  3004 | D:5      | Reached skill level 5 in Fighting
  3004 | D:5      | Reached XP level 6. HP: 51/66 MP: 5/5
  3108 | D:5      | Noticed an ice beast
  3112 | D:5      | Killed an ice beast
  3124 | D:5      | Reached XP level 7. HP: 70/72 MP: 6/6
  3762 | D:5      | Found a deep blue altar of Sif Muna.
  3829 | D:5      | You fall through a shaft for 2 floors!
  3844 | D:7      | Reached skill level 1 in Invocations
  4162 | D:6      | Reached *** piety under Qazlal
  4162 | D:6      | Reached XP level 8. HP: 21/84 MP: 6/8
  4163 | D:6      | HP: 1/84 [wight/halberd (6)]
  4164 | D:6      | Slain by a wight

Skill      XL: |  1  2  3  4  5  6  7 |
---------------+----------------------+-----
Fighting       | 3 4 5 6 |  6.5
Unarmed Combat | 5 6 |  6.4
Invocations    | 1 |  1.4
Dodging        | |  2.9
Stealth        | |  1.1

Action                   |  1- 3 |  4- 6 |  7- 9 || total
-------------------------+-------+-------+-------++-------
Melee: Unarmed           |    82 |   155 |    87 ||   324
       Punch             |       |     4 |     1 ||     5
  Use: Scroll            |     4 |    10 |     2 ||    16
       Potion            |       |     2 |     2 ||     4
 Stab: Sleeping          |       |     1 |       ||     1
  Eat: Chunk             |     9 |    12 |     8 ||    29
       Meat ration       |       |     1 |     1 ||     2
Armor: Robe              |    28 |    75 |    28 ||   131
Dodge: Dodged            |    34 |    80 |    29 ||   143
Block: Other             |       |     3 |    12 ||    15
